 Dungeon Crawl Stone Soup version 0.18.1-6-gd335043 (webtiles) character file.

31 manyhoops the Chopper (level 3, -6/28 HPs)
             Began as a Demonspawn Gladiator on May 16, 2016.
             Mangled by Sigmund
             ... wielding a +0 scythe of venom
              (15 damage)
             ... on level 2 of the Dungeon.
             The game lasted 00:01:13 (885 turns).

manyhoops the Chopper (Demonspawn Gladiator)         Turns: 885, Time: 00:01:13

Health: -6/28      AC:  4    Str: 16    XL:     3   Next: 7%
Magic:  3/3        EV: 12    Int:  9    God:
Gold:   122        SH:  0    Dex: 13    Spells: 0 memorised, 2 levels left

rFire  . . .     SeeInvis .     a - +0 war axe
rCold  + . .     Gourm    .     b - +0 leather armour
rNeg   . . .     Faith    .     (no shield)
rPois  .         Spirit   .     c - +0 helmet
rElec  .         Dismiss  .     (no cloak)
rCorr  .         Reflect  .     (no gloves)
SustAt .         Harm     .     (no boots)
MR     .....                    (no amulet)
Stlth  +.........               (no ring)
                                e - ring of protection from cold

@: lethally poisoned (-6 -> -7), not resistant to hostile enchantments, very
unstealthy
A: powered by death 2
a: no special abilities


You were on level 2 of the Dungeon.
You were not hungry.

You visited 1 branch of the dungeon, and saw 2 of its levels.

You collected 122 gold pieces.

Inventory:

Hand Weapons
 a - a +0 war axe (weapon)
Missiles
 d - 3 throwing nets (quivered)
Armour
 b - a +0 leather armour (worn)
 c - a +0 helmet (worn)
Jewellery
 e - a ring of protection from cold (left hand)
 i - an uncursed ring of protection from fire {unknown}
Scrolls
 g - 2 scrolls of noise {unknown}
 h - a scroll of remove curse {unknown}
 l - 3 scrolls of identify {unknown}
Potions
 j - a potion of lignification {unknown}
 k - a potion of ambrosia {unknown}
 n - 2 potions of heal wounds {unknown}
 o - a potion of cancellation {unknown}
Comestibles
 f - 2 bread rations
 m - a beef jerky
 p - a slice of pizza


   Skills:
 + Level 2.3 Fighting
 + Level 3.5 Axes
 - Level 1.7 Throwing
 + Level 0.3 Armour
 - Level 2.6 Dodging


You had 2 spell levels left.
You didn't know any spells.

Dungeon Overview and Level Annotations

Branches:
Dungeon (2/15)

Altars:
Okawaru

Annotations:
D:2 Sigmund


Innate Abilities, Weirdness & Mutations

You regenerate health from kills.


Message History

You are too injured to fight recklessly!
You are too injured to fight recklessly!
You are too injured to fight recklessly!
You are too injured to fight recklessly!
You are too injured to fight recklessly!
You are too injured to fight recklessly!
You are too injured to fight recklessly!
You are too injured to fight recklessly!
Unknown command.
You slash the hobgoblin!
You kill the hobgoblin!
You feel sick. The bat hits you.
* * * LOW HITPOINT WARNING * * *
You are too injured to fight recklessly!
You are too injured to fight recklessly!
The bat barely misses you.
You barely miss the bat.
You feel sick. The bat hits you but does no damage. Something hits you!
Ouch! That really hurt!
You die...

#...#..†### ##.......#.
######........
...............
#######........
########## ###)######
.........# #.........
..$....b.#######......(..
...!..{.@................
......###################
..###


You could see a bat.

Vanquished Creatures
  2 dart slugs
  A giant cockroach (D:1)
  3 goblins
  3 hobgoblins
  3 jackals (D:1)
  A quokka (D:2)
  7 bats
  3 kobolds (D:1)
  2 rats (D:1)
  2 fungi (D:1)
27 creatures vanquished.

Notes
Turn   | Place    | Note
--------------------------------------------------------------
     0 | D:1      | manyhoops the Demonspawn Gladiator began the quest for the Orb.
     0 | D:1      | Reached XP level 1. HP: 16/16 MP: 1/1
   139 | D:1      | Reached skill level 3 in Axes
   269 | D:1      | Gained mutation: You regenerate a little health from kills. [demonic ancestry]
   269 | D:1      | Reached XP level 2. HP: 20/22 MP: 2/2
   840 | D:2      | Found an iron altar of Okawaru.
   847 | D:2      | Gained mutation: You regenerate health from kills. [demonic ancestry]
   847 | D:2      | Reached XP level 3. HP: 24/27 MP: 3/3
   878 | D:2      | Noticed Sigmund
   885 | D:2      | Mangled by Sigmund

Skill      XL: |  1 |
---------------+----+-----
Axes           | 3 |  3.5
Fighting       | |  2.3
Throwing       | |  1.7
Armour         | |  0.3
Dodging        | |  2.6

Action                   || total
-------------------------++-------
Melee: War axe           ||    90
 Stab: Sleeping          ||     1
Armor: Leather armour    ||    33
Dodge: Dodged            ||    75
